 Dungeon Crawl Stone Soup version 0.30-b1-2-g02819fbbbe (webtiles) character file.

Game seed: 11913210925284475228

151207 LLlMATKO the Warrior (level 17, -3/161 HPs)
             Began as a Minotaur Berserker on Dec 1, 2023.
             Was a High Priest of Trog.
             Killed from afar by a rime drake (16 damage)
             ... with an icy flash freeze
             ... in an ice cave on Dec 3, 2023.
             The game lasted 00:27:53 (24696 turns).

LLlMATKO the Warrior (Minotaur Berserker)          Turns: 24696, Time: 00:27:54

Health: -3/161     AC: 26    Str: 28    XL:     17   Next: 0%
Magic:  16/16      EV: 12    Int:  4    God:    Trog [*****.]
Gold:   2384       SH: 23    Dex: 12    Spells: 16/16 levels left

rFire   + . .        L - +5 broad axe (flame)
rCold   . . .        C - +0 tower shield
rNeg    . . .        P - +0 plate armour {rF+}
rPois   +            s - +0 hat {Stlth+}
rElec   .            E - +2 cloak {rCorr}
rCorr   +            U - +1 pair of gloves
SInv    .            M - +0 pair of boots of the Gate {rCorr}
Will    +....        j - amulet of reflection Stlth
                     R - ring of protection from cold
HPRegen 0.46/turn    n - ring of poison resistance
MPRegen 0.15/turn

%: reflection
@: on berserk cooldown
A: horns 2, retaliatory headbutt, cold vulnerability 1
a: Renounce Religion, Berserk, Trog's Hand, Brothers in Arms


You were in an ice cave.
You worshipped Trog.
Trog was extremely pleased with you.
You visited 4 branches of the dungeon, and saw 24 of its levels.
You also visited: Ossuary and Ice Cave.

You collected 2496 gold pieces.
You spent 112 gold pieces at shops.

Inventory:

Hand Weapons
 t - a +3 broad axe of flaming
 L - a +5 broad axe of flaming (weapon)
 Z - a +0 war axe of freezing
Missiles
 v - 2 atropa-tipped darts (quivered)
 w - 3 javelins
 K - 5 curare-tipped darts
 Q - 18 poisoned darts
Armour
 s - a +0 hat of stealth (worn)
 C - a +0 tower shield (worn)
 E - a +2 cloak of preservation (worn)
 M - the +0 pair of boots of the Gate (worn) {rCorr}
   (You found it on level 7 of the Dungeon)

   rCorr:     It protects you from acid and corrosion.
 P - a +0 plate armour of fire resistance (worn)
 U - a +1 pair of gloves (worn)
Jewellery
 b - a ring of fire
 i - a +6 ring of dexterity
 j - an amulet of reflection (around neck)
 m - a ring of willpower
 n - a ring of poison resistance (right hand)
 q - a ring of positive energy
 D - a ring of see invisible
 R - a ring of protection from cold (left hand)
 V - a ring of protection from fire
Wands
 a - a wand of mindburst (13)
 x - a wand of flame (11)
 y - a wand of light (14)
 B - a wand of digging (6)
 N - a wand of polymorph (15)
 T - a wand of iceblast (16)
 Y - a wand of charming (15)
Scrolls
 c - 14 scrolls of identify
 e - 4 scrolls of fog
 f - a scroll of silence
 g - 4 scrolls of enchant armour
 o - 5 scrolls of poison
 p - 6 scrolls of teleportation
 u - 6 scrolls of vulnerability
 A - 4 scrolls of blinking
 F - 3 scrolls of noise
 J - 3 scrolls of enchant weapon
 S - 3 scrolls of fear
 W - 2 scrolls of brand weapon
Potions
 d - 6 potions of haste
 h - 9 potions of heal wounds
 k - 6 potions of might
 l - 10 potions of curing
 r - 3 potions of resistance
 z - 2 potions of ambrosia
 G - 3 potions of cancellation
 I - 4 potions of flight
 X - 3 potions of invisibility


   Skills:
 + Level 17.2 Fighting
 + Level 17.2 Axes
 + Level 17.0 Armour
 + Level 15.7 Dodging
 + Level 14.8 Shields


You had 16 spell levels left.
You didn't know any spells.
Your spell library was empty.

Dungeon Overview and Level Annotations

Branches:
Dungeon (15/15)            Temple (0/1) D:4            Lair (5/5) D:9
 Shoals (0/4) Lair:2       Spider (2/4) Lair:3        Slime (0/5) Lair:4
    Orc (2/2) D:10            Elf (0/3) Orc:2        Vaults (0/5) D:13
 Depths (0/4) D:15        Ossuary (visited)           IceCv (1/1)

Altars:
Cheibriados
Elyvilon
Fedhas
Gozag
Hepliaklqana
Kikubaaqudgha
Nemelex Xobeh
Uskayaw
Vehumet
Xom
Yredelemnul
The Shining One
Jiyva

Shops:
D:1 =   D:7 !   D:8 :   D:10 (   Orc:2 (=[*

Annotations:
D:14 1 runed translucent door, Ficoysum's ghost, journeyman GnWn
Lair:1 2 transporters, noone's ghost, journeyman GrEE IceCv exclusion: orange crystal statue


Innate Abilities, Weirdness & Mutations

You have a pair of horns on your head.
You reflexively headbutt those who attack you in melee.
You are vulnerable to cold. (rC-)


Message History

You block the ice dragon's attack. The ice dragon bites you.
* * * LOW HITPOINT WARNING * * *
You block the ice dragon's attack.
The ice dragon tramples you but does no damage.
Unknown command.
Unknown command.
You slash the ice dragon! You burn the ice dragon.
You kill the ice dragon!
Trog accepts your kill.
You hit the ice dragon. You burn the ice dragon.
The rime drake breathes ice at you.
You block icy flash freeze... and reflect it back!
The icy flash freeze hits the rime drake!
The rime drake partially resists.
The rime drake is flash-frozen.
You block the ice dragon's attack. The ice dragon claws you!
* * * LOW HITPOINT WARNING * * *
You block the ice dragon's attack.
Unknown command.
You hit the ice dragon. You burn the ice dragon.
The ice dragon is almost dead.
The ice dragon barely misses you. You block the ice dragon's attack. x2
Unknown command.
Unknown command.
You slice the ice dragon!! You burn the ice dragon.
You kill the ice dragon!
Trog accepts your kill.
You hit the rime drake. You burn the rime drake.
The rime drake bites you but does no damage.
You have reached level 17!
Unknown command.
You completely miss the rime drake. You headbutt the rime drake!
The rime drake is severely wounded.
Your surroundings suddenly seem different.
A rime drake and an ironbound frostheart come into view.
The ironbound frostheart shouts!
Unknown command.
Unknown command.
The rime drake breathes ice at you. The icy flash freeze hits you!
You die...

#... ## ###.
##.## ## #
##...# #.
#....##
#..##.....##
#.........#
#.........##
##...@.....##
#...k..))[.#
#....###p..#
#...##.##..#
#..##.k.#..#
#..#.:†.#..#
#..#.[.....#
#
##.##......#
# #).....# #


You could see an ironbound frostheart and a rime drake (catching breath).

Vanquished Creatures
  A fire giant (D:15)
  3 frost giants (IceCv)
  3 orc warlords
  A white draconian (IceCv)
  An ettin (D:15)
  An entropy weaver (Spider:2)
  2 vault guards (D:13)
  Erolcha (D:13)
  5 hydras
  4 ice dragons (IceCv)
  A radroach (Spider:1)
  An ogre mage (D:15)
  2 catoblepae
  5 boulder beetles
  10 two-headed ogres
  3 ironbound frosthearts (IceCv)
  A death knight (D:14)
  7 centaur warriors
  3 tengu warriors (D:15)
  13 death yaks
  An orc high priest (Orc:2)
  A skyshark (Lair:4)
  3 goliath frogs (Lair:5)
  2 pharaoh ants
  An orange crystal statue (D:14)
  2 flayed ghosts
  A wizard (D:13)
  5 orb spiders
  A steelbarb worm (Spider:1)
  2 necromancers
  A lindwurm (Lair:4)
  4 orc knights
  2 deep elf zephyrmancers (D:15)
  An oklob plant (Lair:5)
  5 deep elf pyromancers
  5 orc sorcerers
  2 wolf spiders
  3 manticores
  5 cyclopes
  11 elephants
  16 ugly things
  2 naga magi (D:15)
  A black mamba (Lair:5)
  A black mamba (shapeshifter) (D:15)
  Maurice (D:11)
  2 demonic crawlers (Spider:1)
  2 centaur skeletons (D:15)
  A torpor snail (Lair:4)
  2 gargoyles
  18 cane toads
  An unseen horror (D:12)
  9 rime drakes
  An efreet (D:14)
  9 komodo dragons
  2 yaktaurs
  A kobold demonologist (D:11)
  A redback zombie (D:15)
  A tengu conjurer (D:14)
  8 trolls
  A wolf spider simulacrum (D:15)
  A hornet (shapeshifter) (D:15)
  5 polar bears
  2 tyrant leeches (Lair:5)
  A snapping turtle (Lair:2)
  13 blink frogs
  5 tarantellas
  12 dream sheep (Lair:4)
  6 slime creatures
  15 jumping spiders
  A centaur simulacrum (D:15)
  6 culicivoras
  4 shadows
  2 wraiths (D:11)
  7 wyverns
  5 basilisks
  39 yaks
  19 humans (D:13)
  11 redbacks
  12 vampire mosquitoes
  A steam dragon (D:7)
  A swamp worm (shapeshifter) (D:14)
  3 wargs
  A hell hound (Lair:4)
  12 water moccasins
  37 orc warriors
  A sky beast (D:6)
  A hornet zombie (Ossuary)
  7 ogres
  An ice beast (D:7)
  10 wolves
  8 centaurs
  26 bullfrogs
  A wyvern zombie (Ossuary)
  A gnoll sergeant (D:7)
  4 scorpions
  A water moccasin zombie (Ossuary)
  18 wights
  11 killer bees
  2 electric eels (Lair:2)
  6 howler monkeys
  4 centaur zombies (Ossuary)
  5 bullfrog zombies (Ossuary)
  4 jellies
  4 hounds
  A gnoll bouda (D:8)
  17 orc priests
  4 iguanas
  24 orc wizards
  9 hell rats
  4 killer bee zombies (Ossuary)
  18 mummies (Ossuary)
  A howler monkey zombie (Ossuary)
  10 gnolls
  6 adders
  A shadow imp (D:6)
  A white imp (D:7)
  An ufetubus (D:5)
  6 worms
  11 dart slugs
  79 orcs
  7 bats
  12 endoplasms
  5 giant cockroaches
  12 goblins
  5 hobgoblins
  7 jackals
  A quokka (D:1)
  2 ball pythons (D:1)
  2 frilled lizards (D:2)
  8 kobolds
  7 rats
803 creatures vanquished.

Vanquished Creatures (collateral kills)
  2 ice dragons (IceCv)
  3 ugly things
  3 polar bears (IceCv)
8 creatures vanquished.

Vanquished Creatures (others)
  A wizard (D:13)
  An orc wizard (Orc:2)
  An orc (Orc:1)
  30 fungi
  73 plants
  4 withered plants (Ossuary)
110 creatures vanquished.

Grand Total: 921 creatures vanquished

Notes
Turn   | Place    | Note
-------+----------+-------------------------------------------
     0 | D:1      | LLlMATKO the Minotaur Berserker began the quest for the
                  | Orb.
     0 | D:1      | Reached XP level 1. HP: 19/19 MP: 0/0
   155 | D:1      | Reached XP level 2. HP: 26/27 MP: 1/1
   412 | D:1      | Found Ituma's Jewellery Shoppe.
   586 | D:1      | Reached XP level 3. HP: 30/33 MP: 2/2
   887 | D:2      | Reached ** piety under Trog
  1158 | D:2      | Reached XP level 4. HP: 32/41 MP: 3/3
  2456 | D:3      | Found a faded altar of an unknown god.
  2686 | D:4      | Reached XP level 5. HP: 31/47 MP: 4/4
  2766 | D:4      | Found a sand-covered staircase.
  2771 | Ossuary  | Entered an ossuary
  2793 | Ossuary  | Reached skill level 5 in Fighting
  2793 | Ossuary  | Reached skill level 5 in Axes
  2796 | Ossuary  | Reached XP level 6. HP: 56/56 MP: 5/5
  2830 | Ossuary  | Reached *** piety under Trog
  2909 | Ossuary  | Reached XP level 7. HP: 49/62 MP: 6/6
  2914 | Ossuary  | Reached skill level 5 in Armour
  3135 | Ossuary  | Reached skill level 5 in Dodging
  3390 | Ossuary  | Reached XP level 8. HP: 71/71 MP: 7/7
  3490 | D:4      | Found a hide-covered altar of Uskayaw.
  3619 | D:4      | Found a hazy altar of Hepliaklqana.
  3619 | D:4      | Found a glowing golden altar of the Shining One.
  3851 | D:4      | Found a staircase to the Ecumenical Temple.
  4002 | D:5      | Entered Level 5 of the Dungeon
  4009 | D:5      | Reached **** piety under Trog
  4028 | D:5      | Found an ancient bone altar of Kikubaaqudgha.
  4391 | D:5      | Found a white marble altar of Elyvilon.
  4562 | D:5      | Identified the +2 sling of Yredelemnul's Esteem {flame,
                  | MP+9}
  4668 | D:5      | Found a snail-covered altar of Cheibriados.
  5071 | D:6      | Reached XP level 9. HP: 81/81 MP: 8/8
  5201 | D:6      | Found a sparkling altar of Nemelex Xobeh.
  5281 | D:6      | Found an opulent altar of Gozag.
  5549 | D:7      | Reached ***** piety under Trog
  5721 | D:7      | Identified the +0 pair of boots of the Gate {rCorr}
  6114 | D:7      | Found a radiant altar of Vehumet.
  6144 | D:7      | Found a basalt altar of Yredelemnul.
  6189 | D:7      | Found Bil Tucs's Distillery.
  6594 | D:8      | Reached skill level 1 in Shields
  6594 | D:8      | Reached XP level 10. HP: 82/91 MP: 9/9
  6975 | D:8      | Found Towui's Book Emporium.
  7197 | D:9      | Reached skill level 10 in Fighting
  7237 | D:9      | Reached skill level 10 in Axes
  7292 | D:9      | Reached skill level 10 in Armour
  7344 | D:9      | Reached XP level 11. HP: 101/101 MP: 10/10
  7359 | D:9      | Found a staircase to the Lair.
  7707 | D:10     | Entered Level 10 of the Dungeon
  7716 | D:10     | Reached skill level 5 in Shields
  7740 | D:10     | Found a staircase to the Orcish Mines.
  7942 | D:10     | Found Gusighoo's Weapon Shoppe.
  8051 | D:10     | Noticed a two-headed ogre
  8059 | D:10     | Killed a two-headed ogre
  8135 | D:10     | Found a shimmering altar of Xom.
  8143 | D:10     | Noticed a two-headed ogre
  8160 | D:10     | Killed a two-headed ogre
  8504 | D:10     | Noticed a two-headed ogre
  8518 | D:10     | Killed a two-headed ogre
  8784 | Lair:1   | Entered Level 1 of the Lair of Beasts
  8836 | Lair:1   | Reached skill level 10 in Dodging
  9083 | Lair:1   | You fall into a shaft and drop 1 floor!
  9111 | Lair:2   | Noticed a four-headed hydra
  9123 | Lair:2   | Killed a 12-headed hydra
  9433 | Lair:1   | Noticed a death yak
  9433 | Lair:1   | Noticed a death yak
  9433 | Lair:1   | Noticed a death yak
  9433 | Lair:1   | Noticed a death yak
  9434 | Lair:1   | Noticed a death yak
  9434 | Lair:1   | Noticed a catoblepas
  9449 | Lair:1   | Killed a catoblepas
  9456 | Lair:1   | Killed a death yak
  9462 | Lair:1   | Killed a death yak
  9463 | Lair:1   | Reached XP level 12. HP: 112/112 MP: 11/11
  9468 | Lair:1   | Killed a death yak
  9470 | Lair:1   | Killed a death yak
  9564 | Lair:1   | Noticed noone's ghost (journeyman GrEE)
  9734 | Lair:1   | Found a transporter.
  9736 | Lair:1   | Found a transporter.
 10298 | Lair:2   | Received a gift from Trog
 10321 | Lair:2   | Found a staircase to the Shoals.
 10441 | Lair:2   | Killed a death yak
 11514 | Lair:3   | Found a hole to the Spider Nest.
 12029 | Lair:4   | Noticed a death yak
 12029 | Lair:4   | Noticed a death yak
 12030 | Lair:4   | Noticed a death yak
 12030 | Lair:4   | Noticed a death yak
 12047 | Lair:4   | Killed a death yak
 12051 | Lair:4   | Killed a death yak
 12054 | Lair:4   | Killed a death yak
 12055 | Lair:4   | Killed a death yak
 12141 | Lair:4   | Reached XP level 13. HP: 122/122 MP: 12/12
 12183 | Lair:4   | Reached XP level 14. HP: 109/129 MP: 13/13
 12185 | Lair:4   | Reached skill level 10 in Shields
 12331 | Lair:4   | Received a gift from Trog
 12919 | Lair:4   | Found a viscous altar of Jiyva.
 12919 | Lair:4   | Found a staircase to the Slime Pits.
 13261 | Lair:5   | Entered Level 5 of the Lair of Beasts
 14022 | Lair:5   | Reached ****** piety under Trog
 15323 | D:11     | Reached XP level 15. HP: 139/139 MP: 14/14
 15437 | D:11     | Noticed Maurice
 15446 | D:11     | Killed Maurice
 15545 | D:11     | Received a gift from Trog
 15589 | D:11     | Reached skill level 15 in Fighting
 15886 | Orc:1    | Entered Level 1 of the Orcish Mines
 15891 | Orc:1    | Paralysed by an orc sorcerer for 3 turns
 15902 | Orc:1    | Reached skill level 15 in Axes
 16147 | Orc:2    | Entered Level 2 of the Orcish Mines
 16423 | Orc:1    | Reached skill level 15 in Armour
 16450 | Orc:1    | Received a gift from Trog
 16801 | Orc:2    | Found Xeket's Jewellery Shop.
 16841 | Orc:2    | Found Cuppotz's General Store.
 16886 | Orc:2    | Bought a scroll of magic mapping for 112 gold pieces
 16890 | Orc:2    | Found a staircase to the Elven Halls.
 17165 | Orc:2    | Found Naryst's Antique Weapon Shop.
 17198 | Orc:2    | Found Vefaem Tuwa's Antique Armour Shop.
 17323 | Orc:2    | Found a staircase to the Elven Halls.
 17335 | Orc:2    | Found Vefaem Tuwa's Antique Armour Shop.
 17362 | Orc:2    | Found Naryst's Antique Weapon Shop.
 17636 | Orc:2    | Found Cuppotz's General Store.
 17644 | Orc:2    | Found Xeket's Jewellery Shop.
 18118 | D:12     | You fall into a shaft and drop 2 floors!
 18363 | D:13     | Received a gift from Trog
 18397 | D:13     | Noticed Erolcha
 18408 | D:13     | Killed Erolcha
 19173 | D:13     | Found a gate to the Vaults.
 19279 | D:13     | Identified the +2 robe "Beajoceg" {rElec rF+ Dex+2 Stlth+}
 19287 | D:13     | Found an opulent altar of Gozag.
 19461 | D:14     | Found a blossoming altar of Fedhas.
 19800 | D:14     | Found a shimmering altar of Xom.
 19800 | D:14     | Noticed Ficoysum's ghost (journeyman GnWn)
 19801 | D:14     | Found a runed translucent door.
 20163 | D:14     | Received a gift from Trog
 20958 | D:15     | Entered Level 15 of the Dungeon
 21041 | D:15     | Found a runed translucent door.
 21212 | D:15     | Reached XP level 16. HP: 123/151 MP: 15/15
 22066 | D:15     | Reached skill level 15 in Dodging
 22088 | D:15     | Found a staircase to the Depths.
 22765 | Spider:1 | Entered Level 1 of the Spider Nest
 22823 | Spider:1 | Gained mutation: You are vulnerable to cold. (rC-)
                  | [mutagenic glow]
 23722 | Spider:1 | Received a gift from Trog
 23858 | Spider:2 | Found a frozen archway.
 23862 | IceCv    | Entered an ice cave
 24695 | IceCv    | Reached XP level 17. HP: 13/161 MP: 16/16
 24696 | IceCv    | Killed from afar by a rime drake

Illustrated notes

Levels and vault maps discovered:
D:1:      roderic_crossed_star, layout_basic, serial_shops,
          nicolae_shop_rolling_square
D:2:      layout_loops_ring
D:3:      layout_basic, dreamdust_ecumenical_altar_angels_and_demons
D:4:      layout_loops_ring, nicolae_uskayaw_murder_on_the_dancefloor,
          gammafunk_temple_overflow_pools, minmay_temple_entry_enclosed_plants,
          nicolae_ossuary_entry_ruins
D:5:      kennysheep_slugbush, layout_cave_pools, kennysheep_mini,
          mainiacjoe_overflow_concentric_impassable, slow_altar_1
D:6:      layout_rooms, lemuel_tele_altar, mainiacjoe_overflow_boulevard,
          bh_walls_and_bars
D:7:      layout_rooms, lemuel_doored_altar, mainiacjoe_overflow_alcove_4,
          serial_shops, nicolae_shop_rolling_square,
          chequers_serial_rivers_micro_b
D:8:      layout_basic, serial_shops, nicolae_square_shop
D:9:      layout_rooms, lair_entry_dummy
D:10:     layout_rooms, mainiacjoe_overflow_24_doors, orc_david_3
D:11:     layout_loops_ring, uniq_maurice
D:12:     layout_basic
D:13:     layout_gridville, grunt_vaults_entry_tiered, grunt_gozag_statues,
          uniq_erolcha
D:14:     layout_loops_corners, ebering_ghost_xom, fedhas_altar_2, minivault_16,
          minmay_checkered_concentric_circles
D:15:     grunt_enter_depths_magical_seal, layout_basic, nicolae_eternal_life,
          minivault_13
Lair:1:   layout_misc_corridors, gammafunk_ghost_hive, minmay_stone_trees_small,
          grunt_megastairs_1
Lair:2:   layout_regular_city, minmay_shoals_entry_hut, serial_bayou_pond_b
Lair:3:   layout_regular_city, nicolae_spider_entry_orb_guardian
Lair:4:   layout_cave_shapes, slime_entry_1, special_room
          [special_room_mythical_zoo], lemuel_fruit_tree
Lair:5:   minmay_lair_end_frog_pond, layout_hall_layers
Spider:1: layout_cave_pods
Spider:2: layout_spider_delve, portal_ice_cave_entry_pillars_four,
          lemuel_hornet_nest
Orc:1:    layout_caves
Orc:2:    grunt_orc_cross, layout_caves
IceCv:    ice_cave_small_giant

Skill      XL: |  1  2  3  4  5  6  7  8  9 10 11 12 13 14 15 16 |
---------------+-------------------------------------------------+-----
Axes           | 4 5 6 7 9 10 11 13 14 16 17 | 17.2
Fighting       | 4 5 6 8 9 10 11 13 14 16 17 | 17.2
Armour         | 3 4 5 7 9 10 11 13 14 15 17 | 17.0
Dodging        | 3 4 5 6 8 9 10 12 13 14 15 | 15.7
Shields        | 1 4 7 9 11 13 14 | 14.8

Action                     |  1- 3 |  4- 6 |  7- 9 | 10-12 | 13-15 | 16-18 || total
---------------------------+-------+-------+-------+-------+-------+-------++-------
  Melee: Hand axe          |    84 |   122 |   277 |   524 |   186 |       ||  1193
         Headbutt          |    12 |    21 |    67 |   142 |   221 |    82 ||   545
         Punch             |       |     3 |     6 |       |       |       ||     9
         Broad axe         |       |       |       |       |   636 |   353 ||   989
  Throw: Dart              |       |     1 |       |       |       |       ||     1
 Invoke: Berserk           |     1 |     1 |     4 |     6 |     9 |     6 ||    27
         Brothers in Arms  |       |       |       |       |     1 |     2 ||     3
         Trog's Hand       |       |       |       |       |     1 |     1 ||     2
    Use: Scroll            |       |     9 |       |     3 |    19 |     3 ||    34
         Potion            |       |       |       |     1 |       |     2 ||     3
   Stab: Sleeping          |     1 |       |       |       |       |       ||     1
         Petrified         |       |       |       |    10 |       |       ||    10
         Petrifying        |       |       |       |     3 |       |       ||     3
 Armour: Animal skin       |    13 |       |       |       |       |       ||    13
         Scale mail        |       |    17 |       |       |       |       ||    17
         Plate armour      |       |    26 |   132 |   164 |   215 |   105 ||   642
  Dodge: Dodged            |    60 |    55 |   102 |   125 |   249 |    98 ||   689
  Block: Other             |     1 |    25 |    60 |       |       |       ||    86
         Reflection        |       |     1 |     8 |     1 |    42 |     6 ||    58
         Kite shield       |       |       |    13 |   337 |   372 |       ||   722
         Tower shield      |       |       |       |       |   329 |   422 ||   751
